 Dungeon Crawl Stone Soup version 0.32-a0-132-g2d33c3c (webtiles) character file.

Game seed: 13914725192780501580

5 Dorkslayer the Trooper (level 1, 0/16 HPs)
             Began as an Octopode Fighter on Feb 9, 2024.
             Slain by a gnoll
             ... wielding a +0 flail
              (9 damage)
             ... on level 1 of the Dungeon.
             The game lasted 00:00:32 (230 turns).

Dorkslayer the Trooper (Octopode Fighter)            Turns: 230, Time: 00:00:33

Health: 0/16       AC:  1    Str: 15    XL:     1   Next: 80%
Magic:  1/1        EV: 11    Int: 10    God:
Gold:   67         SH:  8    Dex: 11    Spells: 0/0 levels left

rFire   . .          .
                       - Unarmed
rCold   . . .        e - +0 kite shield
rNeg    . . .        (helmet restricted)
rPois   .            (no amulet)
rElec   .            (no ring)
rCorr   .            (no ring)
SInv    .            (no ring)
Will    .....        (no ring)
Stlth   ++           (no ring)
HPRegen 0.22/turn    (no ring)
MPRegen 0.07/turn    (no ring)
                     (no ring)

%: no passive effects
@: no status effects
A: almost no armour, amphibious, 8 rings, camouflage 1, gelatinous body 1,
(nimble swimmer 1), tentacles
a: no special abilities


You were on level 1 of the Dungeon.
You visited 1 branch of the dungeon, and saw 1 of its levels.

You collected 67 gold pieces.

Inventory:

Armour
 e - a +0 kite shield (worn)
Scrolls
 c - 2 scrolls of noise {unknown}
 d - a scroll of teleportation {unknown}
Potions
 b - a potion of might


   Skills:
 + Level 3.2 Fighting
 + Level 3.0 Dodging
 + Level 3.0 Shields
 * Level 2.1 Unarmed Combat


You couldn't memorise any spells.
You didn't know any spells.
Your spell library was empty.

Dungeon Overview and Level Annotations

Branches:
Dungeon (1/15)

Altars:


Innate Abilities, Weirdness & Mutations

You cannot wear most types of armour.
You are amphibious.
You can wear up to eight rings at the same time.
Your skin changes colour to match your surroundings (Stealth+).
Your rubbery body absorbs attacks. (AC +1, EV +1)
((You are camouflaged when in or above water. (Stealth+)))
You have tentacles for arms and can constrict up to eight enemies at once.


Message History

The endoplasm is heavily wounded.
The endoplasm hits you.
You barely miss the endoplasm. You squeeze the endoplasm.
The endoplasm is severely wounded.
The endoplasm barely misses you.
You tentacle-slap the endoplasm.
You kill the endoplasm!
HP restored.
Found a stone staircase leading down.
Found 8 gold pieces.
A frilled lizard comes into view.
Found 11 gold pieces.
You barely miss the frilled lizard. Your grab misses the frilled lizard.
The frilled lizard misses you.
You tentacle-slap the frilled lizard. Your grab misses the frilled lizard.
The frilled lizard is heavily wounded.
The frilled lizard barely misses you. The frilled lizard closely misses you.
You tentacle-slap the frilled lizard.
You kill the frilled lizard!
A bat comes into view.
You see here 8 gold pieces.
The bat barely misses you. The bat barely misses you.
You tentacle-slap the bat.
You kill the bat!
You now have 56 gold pieces (gained 8).
A gnoll comes into view. It is wielding a +0 flail.
You see here 11 gold pieces.
You now have 67 gold pieces (gained 11).
You barely miss the gnoll. You grab the gnoll.
You constrict the gnoll, but do no damage.
The gnoll hits you with a +0 flail!
Ouch! That really hurt!
You tentacle-slap the gnoll but do no damage.
You constrict the gnoll. The gnoll hits you but does no damage.
You tentacle-slap the gnoll.
The gnoll is moderately wounded.
You constrict the gnoll. The gnoll hits you with a +0 flail!
Ouch! That really hurt!
You die...

################......
#..............+......
#.............##......
#.............##......
#.............##......
#.^.......†...##......
#.....................
##....................
#...@......>....####.
#...g........#.## #.
#............#.# #.
##......#+#+##.# #.
#......# ..#####.
######## ...#....
#...#.... ....#....
#....


You could see a gnoll.

Vanquished Creatures
  A bat (D:1)
  An endoplasm (D:1)
  A goblin (D:1)
  A frilled lizard (D:1)
  A rat (D:1)
5 creatures vanquished.

Notes
Turn   | Place    | Note
-------+----------+-------------------------------------------
     0 | D:1      | Dorkslayer the Octopode Fighter began the quest for the
                  | Orb.
     0 | D:1      | Reached XP level 1. HP: 16/16 MP: 1/1
   230 | D:1      | Slain by a gnoll

Illustrated notes

Levels and vault maps discovered:
D:1:      minmay_arrival_glassed_features, layout_basic

Action                     || total
---------------------------++-------
  Melee: Unarmed           ||    15
         Constrict         ||     3
         Tentacles         ||     1
   Stab: Sleeping          ||     1
 Armour: Skin              ||     5
  Dodge: Dodged            ||     8

Table legend: (Time is in decaauts)
 A = Elapsed time spent in this place.
 B = Non-inter-level travel time spent in this place.
 C = Inter-level travel time spent in this place.
 D = Time resting spent in this place.
 E = Time spent auto-exploring this place.
 F = Levels seen in this place.
 G = Mean time per level.
                   A        B        C        D        E       F      G
               +--------+--------+--------+--------+--------+-----+--------+
         Total |    231 |    231 |      0 |      0 |    117 |   1 |  231.0 |
       Dungeon |    231 |    231 |      0 |      0 |    117 |   1 |  231.0 |
               +--------+--------+--------+--------+--------+-----+--------+

Top non-repeatable levels by time:
     D:1: 231 daAuts
